 Dungeon Sprint DCSS version bcrawl-1.12.1 (webtiles) character file.

Game seed: 16372332365071228449

3000000 Groucho the Intangible (level 19, -4/132 HPs)
             Began as a Spriggan Abyssal Knight on July 13, 2019.
             Was a High Priest of Makhleb.
             Slain by The Servant
             ... wielding a +9 glaive of flaming
              (136 damage)
             ... in the Dungeon (Sprint VIII: "Arena of Blood").
             The game lasted 00:01:18 (30 turns).

Groucho the Intangible (Spriggan Abyssal Knight)      Turns: 30, Time: 00:01:18

Health: -4/132     AC:  4    Str:  8    XL:     19   Next: 59%
Magic:  21/21      EV: 42    Int: 15    God:    Makhleb [*****.]
Gold:   0          SH:  0    Dex: 22    Spells: 18/18 levels left

rFire    . . .     SeeInvis +   j - +∞ Axe of Woe
rCold    . . .     Gourm    .   (shield currently unavailable)
rNeg     . . .     Faith    .   b - +0 robe
rPois    .         Spirit   .   (helmet restricted)
rElec    .         Reflect  .   (no cloak)
rCorr    .         Harm     .   (gloves unavailable)
MR       +++..     NoTele   +   (boots unavailable)
Stlth    ++........             (no amulet)
HPRegen  0.32/turn              (no ring)
MPRegen  0.17/turn              (no ring)

@: very quick
A: very small, unfitting armour, see invisible, herbivore, speed 3, slow
metabolism 2
a: Minor Destruction, Lesser Servant of Makhleb, Major Destruction, Greater
Servant of Makhleb, Renounce Religion


You were in the Dungeon.
You worshipped Makhleb.
Makhleb was extremely pleased with you.
You were not hungry.

You visited 1 branch

Inventory:

Hand Weapons
 a - a +1 hand axe
 j - the +∞ Axe of Woe (weapon)
   (You found it in the Dungeon)
Armour
 b - a +0 robe (worn)
Scrolls
 i - a scroll of blinking
Potions
 d - a potion of curing
 e - a potion of heal wounds
 f - a potion of haste
 g - 2 potions of magic
 h - a potion of berserk rage
Comestibles
 c - a ration {!d}


   Skills:
 O Level 27 Fighting
 O Level 27 Axes
 O Level 27 Armour
 O Level 27 Dodging
 + Level 21.9 Unarmed Combat
 - Level 2.0 Invocations


You had 18 spell levels left.
You didn't know any spells.
Your spell library was empty.

Dungeon Overview and Level Annotations

Branches:
Dungeon (1/1)

Altars:
Makhleb

Annotations:
D The Servant


Innate Abilities, Weirdness & Mutations

You are very small and have problems with some larger weapons.
You are too small for most types of armour.
You have supernaturally acute eyesight. (SInv)
You are a herbivore.
You cover ground extremely quickly.
You need to consume almost no food.


Message History

You hear a shout! x5
Unknown command.
Unknown command.
The Servant appears out of thin air!
Harold the Weathered comes into view.
He is wielding a +9 glaive of flaming.
You hear a shout! x7
You hit the bag of meat but do no damage.
You hew the bag of meat savagely.
You kill the bag of meat!
Makhleb accepts your kill.
Your Unarmed Combat skill gained 2 levels and is now at level 21!
You hear a shout!
A meat berserker comes into view. It is wielding a +9 battleaxe.
You hear a shout!
A meat berserker comes into view. It is wielding a +9 battleaxe.
You hear a shout! x6
You hear a shout! x5
The Servant hits you with a +9 glaive of flaming!!!!
Ouch! That really hurt!
You die...

.. ..... #..
...# #.. ...# .
O###.. ...###..
......###......
......_.....
#.))..# #_)<)_#
#..@).#
......@_o......
......###..O.O.
.###.. ...###..
#.. ...# . #.
...# .. .....
.. ..


You could see The Servant, 2 meat berserkers and a bag of meat.

Vanquished Creatures
  5 ogres (D)
  13 orcs (D)
18 creatures vanquished.

Notes
Turn   | Place    | Note
-------+----------+-------------------------------------------
     0 | D        | Found the +∞ Axe of Woe
     0 | D        | Groucho the Spriggan Abyssal Knight began the quest for the
                  | Orb.
     0 | D        | Reached XP level 1. HP: 11/11 MP: 3/3
     2 | D        | Noticed a bag of meat
     3 | D        | Noticed a bag of meat
     4 | D        | Fell from the grace of Lugonu
     4 | D        | Became a worshipper of Makhleb the Destroyer
     4 | D        | Noticed a meat berserker
     4 | D        | Noticed a bag of meat
     5 | D        | Noticed a bag of meat
     5 | D        | Noticed a bag of meat
     5 | D        | Noticed a meat berserker
     7 | D        | Noticed a bag of meat
     7 | D        | Noticed a bag of meat
     7 | D        | Noticed a bag of meat
     8 | D        | Killed a meat berserker
     8 | D        | Reached skill level 27 in Dodging
     8 | D        | Reached XP level 2. HP: 16/16 MP: 4/4
     8 | D        | Reached XP level 3. HP: 19/19 MP: 5/5
     8 | D        | Reached XP level 4. HP: 23/23 MP: 6/6
     8 | D        | Reached XP level 5. HP: 27/27 MP: 7/7
     8 | D        | Reached XP level 6. HP: 32/32 MP: 8/8
     8 | D        | Reached XP level 7. HP: 35/35 MP: 9/9
     8 | D        | Reached XP level 8. HP: 39/39 MP: 10/10
     8 | D        | Reached XP level 9. HP: 43/43 MP: 11/11
     8 | D        | Reached XP level 10. HP: 47/47 MP: 12/12
     8 | D        | Reached XP level 11. HP: 51/51 MP: 13/13
     8 | D        | Reached XP level 12. HP: 56/56 MP: 14/14
     8 | D        | Reached XP level 13. HP: 59/59 MP: 15/15
     8 | D        | Noticed a bag of meat
     8 | D        | Noticed a meat berserker
     9 | D        | Killed a meat berserker
     9 | D        | Reached * piety under Makhleb
     9 | D        | Reached XP level 14. HP: 63/63 MP: 16/16
     9 | D        | Killed a bag of meat
     9 | D        | Reached skill level 27 in Axes
    10 | D        | Killed a bag of meat
    10 | D        | Reached XP level 15. HP: 87/87 MP: 17/17
    10 | D        | Reached ** piety under Makhleb
    13 | D        | Noticed a meat berserker
    15 | D        | Killed a meat berserker
    15 | D        | Reached XP level 16. HP: 112/112 MP: 18/18
    15 | D        | Reached *** piety under Makhleb
    15 | D        | Reached skill level 27 in Fighting
    15 | D        | Reached XP level 17. HP: 121/121 MP: 19/19
    16 | D        | Noticed a meat berserker
    19 | D        | Killed a meat berserker
    19 | D        | Reached **** piety under Makhleb
    19 | D        | Reached XP level 18. HP: 127/127 MP: 20/20
    19 | D        | Noticed a large bag of meat
    24 | D        | Killed a meat berserker
    24 | D        | Reached ***** piety under Makhleb
    24 | D        | Reached skill level 27 in Armour
    24 | D        | Reached XP level 19. HP: 132/132 MP: 21/21
    27 | D        | Noticed a meat berserker
    29 | D        | Noticed The Servant
    29 | D        | Noticed a meat berserker
    29 | D        | Noticed a meat berserker
    30 | D        | Slain by The Servant

Skill      XL: |  1  2  3  4  5  6  7  8  9 10 11 12 13 14 15 16 17 18 19 |
---------------+----------------------------------------------------------+-----
Axes           | 20 25 27 | 27.0
Dodging        | 27 | 27.0
Fighting       | 13 24 27 | 27.0
Armour         | 9 22 27 | 27.0
Unarmed Combat | 11 21 | 21.9
Invocations    | |  2.0

Action                   |  1- 3 |  4- 6 |  7- 9 | 10-12 | 13-15 | 16-18 | 19-21 || total
-------------------------+-------+-------+-------+-------+-------+-------+-------++-------
Melee: Broad axe         |     1 |       |       |       |     4 |     5 |     3 ||    13
Dodge: Dodged            |       |       |       |       |     2 |       |       ||     2
